 Dungeon Crawl Stone Soup version 0.31.0-32-g396128a36d (webtiles) character file.

Game seed: 2679276981087297624

20673 Henri the Bludgeoner (level 12, -2/81 HPs)
             Began as a Gargoyle Fighter on Apr 7, 2024.
             Was the Champion of Zin.
             Slain by Rupert
             ... wielding a +5 great sword of pain
              (3 damage)
             ... on level 12 of the Dungeon.
             The game lasted 00:37:34 (11875 turns).

Henri the Bludgeoner (Gargoyle Fighter)            Turns: 11875, Time: 00:37:35

Health: -2/81      AC: 26    Str: 31    XL:     12   Next: 82%
Magic:  2/15       EV: 11    Int:  9    God:    Zin [******]
Gold:   343        SH:  4    Dex:  9    Spells: 11/11 levels left

rFire   . . .        h - +3 morningstar (holy)
rCold   . . .        c - +0 buckler
rNeg    + . .        J - +2 steam dragon scales
rPois   ∞            (no helmet)
rElec   +            m - +0 cloak
rCorr   .            L - +1 pair of gloves {infuse}
SInv    .            H - +0 pair of boots {Fly}
Will    .....        k - amulet of regeneration
Stlth   +            e - +4 ring of protection
HPRegen 1.13/turn    p - +6 ring of strength
MPRegen 0.14/turn

%: infuse magic (1 MP)
@: flying
A: sickness immunity, AC +8, negative energy resistance 1, electricity
resistance, torment resistance 1, petrification resistance
a: Renounce Religion, Recite, Vitalisation, Imprison, Sanctuary, Donate Gold


You were on level 12 of the Dungeon.
You worshipped Zin.
Zin was exalted by your worship.
You visited 1 branch of the dungeon, and saw 12 of its levels.
You also visited: Sewer.

You collected 863 gold pieces.
You spent 434 gold pieces at shops.
You donated 86 gold pieces to Zin.

Inventory:

Hand Weapons
 h - a +3 morningstar of holy wrath (weapon)
Missiles
 l - 6 javelins (quivered)
 x - 2 throwing nets
 N - 2 silver javelins
Armour
 c - a +0 buckler (worn)
 m - a +0 cloak (worn)
 A - +0 acid dragon scales
 F - a +1 chain mail of cold resistance
 H - a +0 pair of boots of flying (worn)
 J - +2 steam dragon scales (worn)
 L - a +1 pair of gloves of infusion (worn)
Jewellery
 e - a +4 ring of protection (left hand)
 k - an amulet of regeneration (around neck)
 p - a +6 ring of strength (right hand)
 u - a ring of protection from fire
 w - a ring of resist corrosion
 G - a ring of positive energy
Wands
 a - a wand of flame (9)
 g - a wand of mindburst (4)
 n - a wand of roots (13)
 v - a wand of light (8)
 E - a wand of digging (1)
 K - a wand of paralysis (12)
Scrolls
 b - a scroll of teleportation {unknown}
 j - a scroll of revelation
 q - a scroll of brand weapon {unknown}
 s - a scroll of immolation {unknown}
 y - 2 scrolls of noise {unknown}
 C - a scroll of poison {unknown}
 D - a scroll of acquirement {unknown}
 M - a scroll of fog {unknown}
Potions
 d - 4 potions of might
 f - 4 potions of enlightenment
 i - 2 potions of invisibility
 o - 3 potions of heal wounds
 r - a potion of cancellation {unknown}
 t - 6 potions of curing
 z - 3 potions of resistance {unknown}
 B - 3 potions of mutation {unknown}
 I - a potion of haste {unknown}


   Skills:
 + Level 12.1 Fighting
 * Level 15.9 Maces & Flails
 + Level 6.9 Armour
 - Level 2.0 Dodging
 - Level 5.0 Shields
 - Level 5.0 Invocations


You had 11 spell levels left.
You didn't know any spells.
Your spell library contained the following spells:

 Spells                   Type           Power      Damage    Failure   Level
 Apportation              Tloc           0%         N/A       43%         1
 Freeze                   Ice            0%         1d3       43%         1
 Magic Dart               Conj           0%         1d3       43%         1
 Summon Small Mammal      Summ           0%         N/A       43%         1
 Blink                    Tloc           0%         N/A       56%         2
 Call Imp                 Summ           0%         N/A       56%         2
 Jinxbite                 Hex            0%         N/A       56%         2
 Lesser Beckoning         Tloc           0%         N/A       56%         2
 Call Canine Familiar     Summ           0%         N/A       80%         3
 Frozen Ramparts          Ice            0%         1d1       80%         3
 Gell's Gravitas          Tloc           0%         N/A       80%         3
 Hailstorm                Conj/Ice       0%         3d5       80%         3
 Teleport Other           Tloc           0%         N/A       80%         3
 Petrify                  Alch/Erth      0%         N/A       99%         4
 Summon Blazeheart Golem  Fire/Summ      0%         N/A       99%         4
 Alistair's Intoxication  Alch           0%         N/A       100%        5
 Irradiate                Conj/Alch      0%         3d11      100%        5
 Starburst                Conj/Fire      0%         6d3       100%        6
 Haunt                    Necr/Summ      0%         N/A       100%        7
 Sublimation of Blood     Necr           Unusable   N/A       N/A         2

Dungeon Overview and Level Annotations

Branches:
Dungeon (12/15)            Temple (0/1) D:6            Lair (0/5) D:10
    Orc (0/2) D:9           Sewer (visited)

Altars:
Dithmenos
Gozag
Ru
Vehumet
Xom
Zin

Shops:
D:4 *[*[   D:7 [   D:8 [

Annotations:
D:4 artefacts
D:12 Rupert


Innate Abilities, Weirdness & Mutations

You are immune to sickness and miasma.
Your stone body is resilient. (AC +8)
You are immune to poison.
You resist negative energy. (rN+)
You are resistant to electric shocks. (rElec)
You are resistant to unholy torment.
You are immune to petrification.


Message History

Rupert is heavily wounded.
Rupert misses you.
You barely miss Rupert.
Rupert is heavily wounded.
Rupert hits you with a +5 great sword of pain!!
You writhe in agony.
You thump Rupert!
Rupert is heavily wounded.
Rupert hits you with a +5 great sword of pain!!
* * * LOW HITPOINT WARNING * * *
Unknown command.
You feel much better. Rupert barely misses you. You block Rupert's attack.
You puncture Rupert!
Rupert is severely wounded.
Rupert closely misses you.
You sock Rupert!
Rupert is severely wounded.
Rupert barely misses you.
You closely miss Rupert.
Rupert is severely wounded.
Rupert hits you with a +5 great sword of pain!!
* * * LOW HITPOINT WARNING * * *
You feel much better. Rupert misses you. x2
You puncture Rupert!
Rupert is severely wounded.
You block Rupert's attack.
You impale Rupert!!
Rupert is almost dead.
Rupert hits you with a +5 great sword of pain!!
* * * LOW HITPOINT WARNING * * *
You writhe in agony.
* * * LOW HITPOINT WARNING * * *
You feel much better.
Rupert hits you with a +5 great sword of pain!!!
* * * LOW HITPOINT WARNING * * *
You writhe in agony.
* * * LOW HITPOINT WARNING * * *
Rupert hits you with a +5 great sword of pain.
You die...
Rupert roars with triumph.

#.....# ..
#....... #.....#
.. #.......
#.....# ##
#......# ###'####
#......# #....#
#......# #...##
#......# +...#
#.....)##+###...#
#.@@........#
#...).......#
#.....#####.#
#.....# #.#
#.....# #.#
#.....# ..
#.....# . #.....#
#.....#


You could see Rupert (berserk).

Vanquished Creatures
  2 two-headed ogres
  A boulder beetle (D:11)
  4 skeletal warriors (D:11)
  An orc knight (D:11)
  2 ugly things
  2 cyclopes
  2 manticores
  Maggie (D:9)
  3 gargoyles
  An unseen horror (D:10)
  An efreet (D:12)
  10 trolls
  A slime creature (D:9)
  Sigmund (D:2)
  11 yaks
  A shadow (D:11)
  2 vampires
  A basilisk (D:9)
  Grum (D:9)
  A wraith (D:7)
  2 vampire mosquitoes (D:9)
  3 steam dragons
  2 water moccasins
  An acid dragon (D:7)
  A sky beast (D:7)
  16 orc warriors
  2 ice beasts
  2 ogres
  2 wolves (D:9)
  3 black bears (D:5)
  7 centaurs
  A phantom (D:7)
  3 gnoll sergeants
  6 bullfrogs
  A kobold brigand (D:6)
  4 scorpions
  13 wights
  7 killer bees
  3 electric eels (D:9)
  5 howler monkeys
  A bombardier beetle (D:7)
  2 hounds
  A centaur zombie (D:8)
  5 jellies
  Crazy Yiuf (D:2)
  A gnoll bouda (D:6)
  11 orc priests
  Ijyb (D:3)
  An iguana (D:6)
  10 orc wizards
  Terence (D:3)
  2 killer bee zombies (D:8)
  An ogre zombie (D:8)
  A mummy (D:8)
  14 gnolls
  4 adders
  3 shadow imps
  A white imp (D:6)
  2 ribbon worms
  5 dart slugs
  48 orcs
  16 endoplasms
  5 giant cockroaches
  5 goblins
  6 hobgoblins
  3 jackals (D:3)
  8 quokkas
  7 ball pythons
  7 bats
  7 frilled lizards
  3 kobolds
  6 rats
322 creatures vanquished.

Notes
Turn   | Place    | Note
-------+----------+-------------------------------------------
     0 | D:1      | Henri the Gargoyle Fighter began the quest for the Orb.
     0 | D:1      | Reached XP level 1. HP: 14/14 MP: 1/1
   169 | D:1      | Reached XP level 2. HP: 18/19 MP: 2/2
   427 | D:1      | Reached skill level 3 in Maces & Flails
   558 | D:1      | You fall into a shaft and drop 1 floor!
   671 | D:1      | Reached XP level 3. HP: 23/23 MP: 3/3
   881 | D:2      | Reached skill level 4 in Maces & Flails
   930 | D:2      | Reached XP level 4. HP: 28/28 MP: 4/4
   957 | D:2      | Noticed Sigmund
  1026 | D:2      | Killed Sigmund
  1027 | D:2      | Reached skill level 6 in Maces & Flails
  1027 | D:2      | Reached XP level 5. HP: 9/32 MP: 5/5
  1063 | D:2      | Found a faded altar of an unknown god.
  1181 | D:2      | Reached XP level 6. HP: 37/37 MP: 6/6
  1400 | D:2      | Found a runed translucent door.
  1401 | D:2      | Noticed Crazy Yiuf
  1408 | D:2      | Killed Crazy Yiuf
  1830 | D:3      | Noticed Ijyb
  1863 | D:3      | Killed Ijyb
  2267 | D:3      | Noticed Terence
  2272 | D:3      | Killed Terence
  2650 | D:4      | Found a glowing drain.
  2675 | Sewer    | Entered a sewer
  2794 | Sewer    | Reached XP level 7. HP: 41/42 MP: 7/7
  2944 | Sewer    | Found a viscous altar of Jiyva.
  3101 | D:4      | Found Nalobo's Assorted Antiques.
  3103 | D:4      | Found Uttozof's Assorted Antiques.
  3105 | D:4      | Found Ytuimpa's Armour Shop.
  3106 | D:4      | Found Jeqooq's Antique Armour Shop.
  3610 | D:5      | Entered Level 5 of the Dungeon
  3688 | D:5      | Reached skill level 7 in Maces & Flails
  3740 | D:5      | Found a glowing silver altar of Zin.
  3749 | D:5      | Became a worshipper of Zin the Law-Giver
  3749 | D:5      | Reached * piety under Zin
  4282 | D:6      | Reached XP level 8. HP: 36/48 MP: 8/8
  4320 | D:6      | Reached skill level 5 in Armour
  4345 | D:5      | Reached skill level 5 in Fighting
  4385 | D:5      | Reached skill level 8 in Maces & Flails
  4569 | D:6      | Reached ** piety under Zin
  5028 | D:6      | Found a staircase to the Ecumenical Temple.
  5281 | D:7      | Reached skill level 9 in Maces & Flails
  5332 | D:7      | Reached XP level 9. HP: 55/55 MP: 9/9
  5338 | D:7      | Reached skill level 5 in Shields
  5569 | D:7      | Reached skill level 10 in Maces & Flails
  5727 | D:7      | Noticed a gargoyle
  5776 | D:7      | Noticed a cyclops
  5797 | D:7      | Noticed a two-headed ogre
  5803 | D:7      | Noticed a troll
  5804 | D:7      | Killed a cyclops
  5805 | D:7      | Reached skill level 11 in Maces & Flails
  5814 | D:7      | Killed a two-headed ogre
  5815 | D:7      | Reached XP level 10. HP: 56/65 MP: 10/10
  6196 | D:7      | Reached skill level 12 in Maces & Flails
  6216 | D:7      | Found Eneulaiq's Antique Armour Shoppe.
  6314 | D:8      | Found Xolyximu's Armour Shop.
  6472 | D:7      | Found an opulent altar of Gozag.
  6473 | D:7      | Found a shimmering altar of Xom.
  6473 | D:7      | Found a radiant altar of Vehumet.
  6519 | D:7      | Reached *** piety under Zin
  6548 | D:7      | Found a sacrificial altar of Ru.
  6568 | D:7      | Noticed a manticore
  6575 | D:7      | Killed a manticore
  6576 | D:7      | Reached skill level 1 in Dodging
  6668 | D:7      | Killed a gargoyle
  6697 | D:7      | Identified the +1 spear of the Saviour {speed, rCorr Str+2}
  6757 | D:7      | Identified the staff "Fuqyfud" {rElec Will- Int+5 Stlth+
                  | Necro Air}
  7044 | D:7      | Bought a pair of runed boots for 217 gold pieces
  7189 | D:8      | Found a shadowy altar of Dithmenos.
  7454 | D:9      | Reached skill level 1 in Invocations
  7472 | D:9      | Reached skill level 13 in Maces & Flails
  7472 | D:9      | Reached XP level 11. HP: 69/72 MP: 10/12
  7563 | D:9      | Noticed Grum
  7592 | D:9      | Killed Grum
  7593 | D:9      | Reached skill level 10 in Fighting
  7627 | D:9      | Found a staircase to the Orcish Mines.
  7688 | D:9      | Identified the +2 sling of the Well-Known Seas {freeze,
                  | *Corrode ^Fragile rF+++ Str+8}
  7965 | D:9      | Got the Thoughts on Creeping Conflagration
  8105 | D:9      | Reached **** piety under Zin
  8255 | D:9      | Noticed Maggie
  8275 | D:9      | Killed Maggie
  8576 | D:10     | Entered Level 10 of the Dungeon
  8586 | D:10     | Noticed a cyan ugly thing
  8605 | D:10     | Killed a cyan ugly thing
  8658 | D:9      | Reached skill level 14 in Maces & Flails
  8854 | D:7      | Bought a pair of glowing gloves for 217 gold pieces
  8979 | D:10     | Found a staircase to the Lair.
  9453 | D:10     | Reached skill level 5 in Invocations
  9697 | D:10     | Identified the +1 robe "Osix" {Dex+3 Archmagi}
  9924 | D:11     | Reached ***** piety under Zin
  9953 | D:11     | Reached XP level 12. HP: 66/80 MP: 8/15
 10056 | D:11     | Noticed a two-headed ogre
 10063 | D:11     | Killed a two-headed ogre
 10248 | D:11     | Reached skill level 15 in Maces & Flails
 11434 | D:12     | Noticed a boulder beetle
 11484 | D:11     | Killed a boulder beetle
 11824 | D:12     | Reached ****** piety under Zin
 11851 | D:12     | Noticed Rupert
 11875 | D:12     | HP: 1/81 [Rupert/+5 great sword of pain (4)]
 11875 | D:12     | Slain by Rupert

Illustrated notes

Levels and vault maps discovered:
D:1:      lemuel_arrival_room, layout_loops_ring
D:2:      minmay_door_path, layout_loops_ring, ebering_ecumenical_altar_mist,
          kennysheep_generic_room_8, uniq_crazy_yiuf_cottage, uniq_sigmund
D:3:      layout_rooms, serial_aquarium, aquarium_bridge_square
          [aquarium_subvault_balcony, aquarium_subvault_window,
          aquarium_subvault_bridge, aquarium_subvault_wall],
          aquarium_bridge_square [aquarium_subvault_wall,
          aquarium_subvault_wall, aquarium_subvault_balcony,
          aquarium_subvault_bridge], aquarium_window_3, aquarium_window_fake,
          aquarium_view_2b, aquarium_pool_side, uniq_terence, uniq_ijyb
D:4:      nicolae_BIG_FREAKIN_CUBE, layout_cave_pools, serial_rivers,
          chequers_serial_rivers_room_b, chequers_serial_rivers_micro_b,
          chequers_serial_rivers_room_b, chequers_serial_rivers_room_b,
          chequers_serial_rivers_micro_d, chequers_serial_rivers_marsh,
          portal_sewer_entry_f, minmay_shop_grid_forest,
          corexii_leaking_fountain, chequers_serial_rivers_micro_c,
          grunt_decor_clamped
D:5:      layout_basic, mainiacjoe_overflow_catwalk, nicolae_tricolors
D:6:      layout_cave_pools, minmay_temple_entry_from_below_a, chequers_avenue
D:7:      minmay_the_grid_plus_closed [minmay_the_grid_minigrid_small,
          minmay_the_grid_pillar_ring, minmay_the_grid_expand,
          minmay_the_grid_broken_lines, minmay_the_grid_prize_shrinking_boxes],
          layout_cave_pools, chequers_temple_overflow_statue_of_worship,
          lemuel_doored_altar, serial_shops, nicolae_shop_hallway_stairs,
          serial_library_hellmonk_big_corner
D:8:      layout_basic, nicolae_dithmenos_through_a_glass_darkly, serial_shops,
          nicolae_shop_advertising_works [nicolae_subvault_shop_adworks],
          minmay_mini_ossuary
D:9:      cheibrodos_elevator_heist, layout_loops_ring, erik_orc_2,
          kennysheep_generic_room_12, uniq_maggie, uniq_grum
D:10:     layout_loops_ring, lair_entry_dummy
D:11:     layout_roguey [special_room_orc]
D:12:     minmay_s_stair_smasher, layout_irregular_city, kennysheep_minor_cross,
          uniq_rupert

Skill      XL: |  1  2  3  4  5  6  7  8  9 10 11 12 |
---------------+-------------------------------------+-----
Maces & Flails | 3 4 6 7 9 11 13 14 15 | 15.9
Armour         | 4 5 6 |  6.9
Fighting       | 4 6 8 9 11 12 | 12.1
Shields        | 4 5 |  5.0
Dodging        | 2 |  2.0
Invocations    | 1 5 |  5.0

Action                     |  1- 3 |  4- 6 |  7- 9 | 10-12 || total
---------------------------+-------+-------+-------+-------++-------
  Melee: Flail             |   118 |   195 |   353 |   541 ||  1207
         Morningstar       |       |       |       |   239 ||   239
 Invoke: Recite            |       |       |       |     1 ||     1
    Use: Scroll            |       |     6 |     1 |     4 ||    11
         Potion            |       |       |       |     3 ||     3
 Armour: Scale mail        |    71 |   131 |   197 |       ||   399
         Acid dragon scale |       |       |    99 |   265 ||   364
         Steam dragon scal |       |       |       |   269 ||   269
  Dodge: Dodged            |    43 |    84 |   146 |   297 ||   570
  Block: Buckler           |    21 |    31 |    51 |   127 ||   230
